 Dungeon Crawl Stone Soup version 0.20.1-1-g8b1a95d (webtiles) character file.

79 bufferunderpants the Grave Robber (level 4, -4/21 HPs)
             Began as a Vine Stalker Necromancer on Sept 10, 2017.
             Slain by a gnoll
             ... wielding a +0 halberd
              (11 damage)
             ... on level 1 of the Dungeon.
             The game lasted 00:13:21 (2313 turns).

bufferunderpants the Grave Robber (VSNe)            Turns: 2313, Time: 00:13:23

Health: -4/21      AC:  2    Str: 10    XL:     4   Next: 37%
Magic:  0/8        EV: 12    Int: 16    God:
Gold:   66         SH:  0    Dex: 15    Spells: 3/7 levels left

rFire    . . .     SeeInvis .   e - +0 dagger (curse)
rCold    . . .     Gourm    .   (no shield)
rNeg     . . .     Faith    .   a - +0 robe
rPois    .         Spirit   +   (no helmet)
rElec    .         Reflect  .   (no cloak)
rCorr    .         Harm     .   (no gloves)
MR       .....                  (no boots)
Stlth    ++........             (no amulet)
Regen    0.5/turn               (no ring)
MPRegen  0.2/turn               (no ring)

@: very slightly contaminated
A: fangs 2, regeneration 1, magic shield, antimagic bite, no potion heal 3, rot
immunity
a: no special abilities


You were on level 1 of the Dungeon.
You were hungry.

You visited 1 branch of the dungeon, and saw 3 of its levels.

You collected 66 gold pieces.

Inventory:

Hand Weapons
 e - a cursed +0 dagger (weapon)
 m - a cursed +0 dagger
 r - a +0 blowgun
Missiles
 h - 29 poisoned needles
Armour
 a - a +0 robe (worn)
Jewellery
 d - a +2 ring of evasion {unknown}
Scrolls
 i - a scroll of fog {unknown}
 k - 4 scrolls of teleportation {unknown}
Potions
 f - 2 potions of curing {unknown}
 j - 2 potions of resistance {unknown}
 l - a potion of agility {unknown}
 s - a potion of heal wounds {unknown}
Books
 b - a book of Necromancy

   Spells                             Type                      Level
   a - Pain                           Necromancy                   1
   b - Animate Skeleton               Necromancy                   1
   c - Vampiric Draining              Necromancy                   3
   d - Regeneration                   Charms/Necromancy            3
   e - Animate Dead                   Necromancy                   4
   f - Control Undead                 Necromancy                   4
Comestibles
 c - 2 bread rations
 n - 3 fruits
 o - 2 meat rations
 p - 2 chunks of flesh
 q - 2 royal jellies


   Skills:
 - Level 1.5 Dodging
 + Level 2.6 Stealth
 - Level 2.1 Spellcasting
 + Level 5.6 Necromancy


You had 3 spell levels left.
You knew the following spells:

 Your Spells              Type           Power        Failure   Level  Hunger
a - Pain                  Necr           ###.         1%          1    #......
b - Vampiric Draining     Necr           ###.......   6%          3    ###....


Dungeon Overview and Level Annotations

Branches:
Dungeon (3/15)

Altars:
Gozag


Innate Abilities, Weirdness & Mutations

You have extremely sharp teeth.
Your natural rate of healing is unusually fast.
When hurt, damage is shared between your health and your magic reserves.
Your bite disrupts and absorbs the magic of your enemies.
Potions cannot restore your health.
You are immune to rotting.


Message History

There is a stone staircase leading down here.
Unknown command.
The gnoll closely misses you. The gnoll closely misses you.
The gnoll hits you from afar with a halberd.
The gnoll barely misses you.
The gnoll hits you from afar with a halberd!
The gnoll hits you with a halberd.
Casting: Pain
Confirm with . or Enter, or press ? or * to list all spells.
Aiming: Vampiric Draining
Press: ? - help, Shift-Dir - straight line, f - gnoll
Aim: a gnoll, wielding a halberd You miscast Vampiric Draining.
You are very lightly contaminated with residual magic.
You hear strange and distant voices.
You are feeling hungry.
The gnoll hits you with a halberd!
Ouch! That really hurt!
You die...

#....#
#.#.##.#
..####
#)#.##.#
..#
#.#..#.#
..#
#.##.#.#
.########
#.##.#.#
......).#
#......#
........#
####g###
........#
#g#
.##.....#
#@#
###.....#
#.#
###.#####
####.#
....#
#....#
#####
#.####
#.#
#######
#####.#
......#
#.....#
.####.#
#.#####


You could see 2 gnolls.

Vanquished Creatures
  3 adders (D:2)
  A dart slug (D:2)
  2 orcs
  2 ball pythons
  4 bats
  6 giant cockroaches
  5 goblins
  8 hobgoblins
  7 kobolds
  A frilled lizard (D:1)
  5 rats
44 creatures vanquished.

Notes
Turn   | Place    | Note
-------+----------+-------------------------------------------
     0 | D:1      | bufferunderpants the Vine Stalker Necromancer began the quest for the Orb.
     0 | D:1      | Reached XP level 1. HP: 9/9 MP: 4/4
   323 | D:1      | Reached XP level 2. HP: 8/13 MP: 3/6
   816 | D:2      | Found an opulent altar of Gozag.
   901 | D:2      | Reached XP level 3. HP: 13/16 MP: 5/7
   977 | D:2      | Reached skill level 5 in Necromancy
  1288 | D:2      | Learned a level 3 spell: Vampiric Draining
  1872 | D:2      | Gained mutation: Your natural rate of healing is unusually fast. [Vine Stalker growth]
  1872 | D:2      | Reached XP level 4. HP: 15/21 MP: 5/8
  2313 | D:1      | Slain by a gnoll

Skill      XL: |  1  2  3 |
---------------+----------+-----
Necromancy     | 5 |  5.6
Dodging        | |  1.5
Stealth        | |  2.6
Spellcasting   | |  2.1

Action                   |  1- 3 |  4- 6 || total
-------------------------+-------+-------++-------
Melee: Unarmed           |     9 |       ||     9
       Bite              |     3 |     2 ||     5
       Dagger            |     6 |    11 ||    17
Throw: Tomahawk          |     9 |     6 ||    15
 Cast: Pain              |    45 |    13 ||    58
       Vampiric Draining |     3 |       ||     3
 Stab: Sleeping          |     2 |     1 ||     3
  Eat: Chunk             |     4 |     1 ||     5
Armor: Robe              |     2 |     2 ||     4
Dodge: Dodged            |    21 |    19 ||    40
